 Dungeon Crawl Stone Soup version 0.31-a0-1074-g0b22e4e0f1 (webtiles) character file.

Game seed: 209205175537761730

71 Dittersdorf the Covered (level 4, -2/29 HPs)
             Began as a Gargoyle Fighter on Nov 28, 2023.
             Killed from afar by Ijyb (19 damage)
             ... with a bolt of light
             ... on level 4 of the Dungeon.
             The game lasted 00:01:42 (1171 turns).

Dittersdorf the Covered (Gargoyle Fighter)          Turns: 1171, Time: 00:01:43

Health: -2/29      AC: 10    Str: 22    XL:     4   Next: 24%
Magic:  4/4        EV:  9    Int:  8    God:
Gold:   53         SH:  0    Dex:  9    Spells: 3/3 levels left

rFire   . . .        a - +0 flail
rCold   . . .        c - +0 buckler
rNeg    + . .        b - +0 scale mail
rPois   ∞            (no helmet)
rElec   +            (no cloak)
rCorr   .            (no gloves)
SInv    .            (no boots)
Will    +....        (no amulet) Stlth
                     h - ring of willpower
HPRegen 0.24/turn    (no ring)
MPRegen 0.09/turn

%: no passive effects
@: confused
A: sickness immunity, AC +3, negative energy resistance 1, electricity
resistance, torment resistance 1, petrification resistance
a: no special abilities


You were on level 4 of the Dungeon.
You visited 1 branch of the dungeon, and saw 4 of its levels.

You collected 53 gold pieces.

Inventory:

Hand Weapons
 a - a +0 flail (weapon)
Missiles
 j - 11 poisoned darts (quivered)
Armour
 b - a +0 scale mail (worn)
 c - a +0 buckler (worn)
Jewellery
 h - a ring of willpower (left hand)
Scrolls
 f - a scroll of enchant armour {unknown}
 g - 3 scrolls of identify {unknown}
 i - a scroll of vulnerability {unknown}
Potions
 d - a potion of might
 e - a potion of mutation {unknown}
 k - 2 potions of attraction {unknown}


   Skills:
 + Level 3.9 Fighting
 + Level 2.7 Maces & Flails
 + Level 4.0 Armour
 + Level 3.9 Shields


You had 3 spell levels left.
You didn't know any spells.
Your spell library was empty.

Dungeon Overview and Level Annotations

Branches:
Dungeon (4/15)
 Temple: D:4-7

Altars:
Ashenzari

Annotations:
D:4 Ijyb


Innate Abilities, Weirdness & Mutations

You are immune to sickness and miasma.
Your stone body is resilient. (AC +3)
You are immune to poison.
You resist negative energy. (rN+)
You are resistant to electric shocks. (rElec)
You are resistant to unholy torment.
You are immune to petrification.


Message History

a +0 club; a +0 leather armour; a +0 dagger
Things that are here:
a +0 club; a kobold corpse
Found a bubbling dark potion.
k - a bubbling dark potion
Found a stone staircase leading up.
Found a bubbling dark potion.
There is an open door here.
k - 2 bubbling dark potions (gained 1)
There is an open door here.
There is a stone staircase leading up here.
You climb upwards.
Found a broken altar of Ashenzari.
There is a stone staircase leading down here.
The orc shouts! x2
Found a faded altar of an unknown god.
The orc wizard shouts!
Done exploring.
Done exploring.
There is a stone staircase leading down here.
You climb downwards.
There is a stone staircase leading up here.
You open the door.
Ijyb the Twisted Goblin comes into view.
She is wielding a +0 club and carrying a wand of light.
Ijyb shouts!
Ijyb screams, "Die!"
There is an open door here.
Ijyb screams, "Level is mine!
All mine!"
Ijyb zaps a wand.
The bolt of light hits you!
You are confused.
Non-targeted confused throw: 12 darts (poison)
Press: ? - help, Q - select action Dir - look around, f - activate You throw a poisoned dart.
Ijyb barely misses you.
You're too confused to move!
You feel less confused.
Ijyb zaps a wand.
The bolt of light hits you!!
You are confused.
Ouch! That really hurt!
You die...

.. . # ' .+ .# .#
#+###'#..#
.....#.. .
+##+##g##'##'.#
#....@#.....#
#.....#.....#
####'##'##'###
##.<......#... ...
###.........####..
...##.......##..#
..
......(..#####..#
# ........#
###...#
.......####.....##


You could see Ijyb.

Vanquished Creatures
  An orc wizard (D:4)
  3 worms
  A dart slug (D:1)
  7 orcs (D:4)
  A bat (D:2)
  An endoplasm (D:1)
  A giant cockroach (D:1)
  2 hobgoblins
  4 kobolds
  A quokka (D:1)
  4 ball pythons
  A frilled lizard (D:1)
  A rat (D:1)
28 creatures vanquished.

Notes
Turn   | Place    | Note
-------+----------+-------------------------------------------
     0 | D:1      | Dittersdorf the Gargoyle Fighter began the quest for the
                  | Orb.
     0 | D:1      | Reached XP level 1. HP: 14/14 MP: 1/1
   239 | D:1      | Reached XP level 2. HP: 19/19 MP: 2/2
   785 | D:2      | You fall into a shaft and drop 2 floors!
   907 | D:4      | Reached XP level 3. HP: 23/23 MP: 3/3
   944 | D:4      | Reached XP level 4. HP: 20/29 MP: 4/4
  1116 | D:4      | Reached skill level 4 in Armour
  1152 | D:3      | Found a broken altar of Ashenzari.
  1154 | D:3      | Found a faded altar of an unknown god.
  1166 | D:4      | Noticed Ijyb
  1171 | D:4      | Killed from afar by Ijyb

Illustrated notes

Levels and vault maps discovered:
D:1:      amcnicky_arrival_underground_garden, layout_loops_ring
D:2:      wad_river_or_something, layout_basic, minmay_pentomino_z2
D:3:      lemuel_castle_with_subvaults [lemuel_castle_interior_carwin_1],
          layout_rooms, nicolae_overflow_ecumenical_swirl, serial_shops, shop,
          kennysheep_jessica_study
D:4:      layout_layer_cave, mainiacjoe_overflow_24_doors, uniq_ijyb

Skill      XL: |  1  2  3  4 |
---------------+-------------+-----
Armour         | 4 |  4.0
Fighting       | |  3.9
Maces & Flails | |  2.7
Shields        | |  3.9

Action                     |  1- 3 |  4- 6 || total
---------------------------+-------+-------++-------
  Melee: Flail             |    99 |    19 ||   118
  Throw: Dart              |       |     1 ||     1
 Armour: Scale mail        |    77 |    19 ||    96
  Dodge: Dodged            |    25 |    15 ||    40
  Block: Buckler           |    15 |     4 ||    19

Table legend: (Time is in decaauts)
 A = Elapsed time spent in this place.
 B = Non-inter-level travel time spent in this place.
 C = Inter-level travel time spent in this place.
 D = Time resting spent in this place.
 E = Time spent auto-exploring this place.
 F = Levels seen in this place.
 G = Mean time per level.
                   A        B        C        D        E       F      G
               +--------+--------+--------+--------+--------+-----+--------+
         Total |   1207 |   1158 |     49 |     36 |    802 |   4 |  301.8 |
       Dungeon |   1207 |   1158 |     49 |     36 |    802 |   4 |  301.8 |
               +--------+--------+--------+--------+--------+-----+--------+

Top non-repeatable levels by time:
     D:1: 663 daAuts
     D:4: 391 daAuts
     D:2: 141 daAuts
     D:3: 11 daAuts
